 Dungeon Crawl Stone Soup version 0.32-a0-876-gcfddb08e57 (webtiles) character file.

Game seed: 17099227324577393087

604 Griffin23 the Slasher (level 7, -7/61 HPs)
             Began as a Minotaur Fighter on Apr 1, 2024.
             Was a Believer of Beogh.
             Mangled by Duvessa
             ... wielding a +0 short sword
              (8 damage)
             ... on level 4 of the Dungeon.
             The game lasted 00:05:47 (3232 turns).

Griffin23 the Slasher (Minotaur Fighter)            Turns: 3232, Time: 00:05:47

Health: -7/61      AC: 11    Str: 29    XL:     7   Next: 18%
Magic:  3/7        EV:  7    Int:  5    God:    Beogh [**....]
Gold:   142        SH:  4    Dex:  9    Spells: 6/6 levels left

rFire   . . .        a - +0 long sword
rCold   . . .        c - +0 buckler
rNeg    . . .        m - +0 chain mail
rPois   .            (helmet restricted)
rElec   .            l - +0 cloak
rCorr   .            (no gloves)
SInv    +            (no boots)
Will    .....        (no amulet) Stlth
                     f - +6 ring of strength
HPRegen 0.30/turn    (no ring)
MPRegen 0.10/turn

%: clarity
@: lit by a corona, glowing
A: horns 2, retaliatory headbutt, see invisible, clarity
a: Renounce Religion, Smiting


You were on level 4 of the Dungeon.
You worshipped Beogh.
Beogh was pleased with you.
You visited 1 branch of the dungeon, and saw 4 of its levels.

You collected 142 gold pieces.

Inventory:

Hand Weapons
 a - a +0 long sword (weapon)
Missiles
 i - 2 throwing nets (quivered)
Armour
 b - a +0 scale mail
 c - a +0 buckler (worn)
 l - a +0 cloak (worn)
 m - a +0 chain mail (worn)
Jewellery
 f - a +6 ring of strength (left hand)
 u - a ring of poison resistance
Wands
 q - a wand of warping (5)
 s - a wand of digging (4)
Scrolls
 j - 2 scrolls of enchant weapon {unknown}
 n - 2 scrolls of identify {unknown}
 o - a scroll of noise {unknown}
 p - a scroll of torment {unknown}
 r - a scroll of enchant armour {unknown}
 t - a scroll of fear {unknown}
Potions
 d - a potion of might
 e - a potion of enlightenment {unknown}
 g - a potion of curing {unknown}
 h - 2 potions of mutation
 k - a potion of magic {unknown}


   Skills:
 + Level 5.3 Fighting
 * Level 5.8 Long Blades
 + Level 5.3 Armour
 + Level 5.3 Shields
 + Level 2.5 Invocations


You had 6 spell levels left.
You didn't know any spells.
Your spell library was empty.

Dungeon Overview and Level Annotations

Branches:
Dungeon (4/15)
 Temple: D:4-7

Altars:
Beogh

Shops:
D:2 [

Portals:
Abyss: D:3

Annotations:
D:3 2 transporters, dogverified's ghost, weakling DrSh
D:4 Duvessa


Innate Abilities, Weirdness & Mutations

Your facial features look somewhat orcish.
You have a pair of horns on your head.
You reflexively headbutt those who attack you in melee.
You have supernaturally acute eyesight. (SInv)
You possess an exceptional clarity of mind.


Message History

Duvessa hits you but does no damage.
An adder comes into view.
Duvessa closely misses you.
You barely miss Duvessa.
The adder hisses angrily.
You headbutt Duvessa!
Duvessa is severely wounded.
Duvessa hits you with a +0 short sword!
You hit Duvessa but do no damage.
Duvessa is severely wounded.
Duvessa hits you with a +0 short sword. You block Duvessa's attack.
You hit Duvessa but do no damage. You headbutt Duvessa, but do no damage.
Duvessa is severely wounded.
You block Duvessa's attack. Duvessa hits you with a +0 short sword.
You hit Duvessa.
Duvessa is severely wounded.
Duvessa hits you with a +0 short sword.
You hit Duvessa. You headbutt Duvessa, but do no damage.
Duvessa is severely wounded.
Duvessa hits you but does no damage. You block the adder's attack.
Duvessa hits you with a +0 short sword!
* * * LOW HITPOINT WARNING * * *
The adder bites you but does no damage.
You hit Duvessa but do no damage. Your headbutt misses Duvessa.
Duvessa is severely wounded.
You block Duvessa's attack. The adder bites you but does no damage.
Duvessa barely misses you.
You hit Duvessa but do no damage.
Duvessa is severely wounded.
The adder bites you but does no damage. You block Duvessa's attack.
The adder bites you but does no damage.
You hit Duvessa. You headbutt Duvessa!
Duvessa is almost dead.
Duvessa hits you with a +0 short sword!
* * * LOW HITPOINT WARNING * * *
You block Duvessa's attack. The adder bites you but does no damage.
It was a potion of mutation.
You feel extremely strange.
Your vision sharpens.
Your thoughts seem clearer.
Duvessa hits you with a +0 short sword!
You die...

### #.. #.# ..# ####.##
##..###. .)... .....<.
### ######..# #.....
....# ......S@#
#...##..##.# ..##..e†#
#....#..##.##
#...#...####..#.......>.
##. #.>............##.##
#...####......###.#
......## #......###.##
...#.$ ###.###.#......
)l..#.. #...# #.#..####
.## #.. #.#.###....#


You could see Duvessa (berserk) and an adder.

Vanquished Creatures
  Grinder (D:4)
  Dowan (D:4)
  2 orc priests (D:3)
  Ijyb (D:3)
  An iguana (D:4)
  An orc wizard (D:3)
  Natasha (thrice) (D:3)
  Terence (D:3)
  Robin (D:3)
  4 adders
  A ribbon worm (D:2)
  A dart slug (D:2)
  2 orcs (D:3)
  5 endoplasms
  A giant cockroach (D:3)
  11 goblins (D:3)
  6 hobgoblins
  8 jackals
  2 quokkas (D:1)
  5 ball pythons
  9 bats
  5 frilled lizards
  3 kobolds
  6 rats
81 creatures vanquished.

Notes
Turn   | Place    | Note
-------+----------+-------------------------------------------
     0 | D:1      | Griffin23 the Minotaur Fighter began the quest for the Orb.
     0 | D:1      | Reached XP level 1. HP: 19/19 MP: 0/0
   181 | D:1      | Found a faded altar of an unknown god.
   321 | D:1      | Prayed at the altar of an unknown god.
   321 | D:1      | Became a worshipper of Beogh the Shepherd
   321 | D:1      | Reached * piety under Beogh
   365 | D:1      | Reached XP level 2. HP: 27/27 MP: 1/1
   817 | D:2      | Found Wiucuu's Antique Armour Shoppe.
  1126 | D:2      | Reached XP level 3. HP: 16/33 MP: 2/2
  1570 | D:3      | Noticed Terence
  1576 | D:3      | Killed Terence
  1619 | D:3      | Reached ** piety under Beogh
  1628 | D:3      | Reached XP level 4. HP: 35/40 MP: 3/3
  1672 | D:3      | Noticed Ijyb
  1683 | D:3      | Killed Ijyb
  1764 | D:3      | Found a transporter.
  1770 | D:3      | Found a one-way gate to the infinite horrors of the Abyss.
  1770 | D:3      | Noticed a kobold brigand
  1770 | D:3      | Noticed dogverified's ghost (weakling DrSh)
  1770 | D:3      | Noticed a small abomination
  1850 | D:3      | Reached skill level 1 in Invocations
  1857 | D:3      | Reached XP level 5. HP: 44/47 MP: 4/4
  2017 | D:3      | Found a transporter.
  2185 | D:3      | Noticed Robin
  2217 | D:3      | Killed Robin
  2388 | D:3      | Noticed Natasha
  2396 | D:3      | Killed Natasha
  2724 | D:3      | Noticed Natasha
  2737 | D:3      | Killed Natasha
  2738 | D:3      | Reached XP level 6. HP: 18/55 MP: 2/6
  2905 | D:3      | Noticed Natasha
  2908 | D:3      | Killed Natasha
  3018 | D:3      | Reached skill level 5 in Long Blades
  3119 | D:4      | Noticed Grinder
  3119 | D:4      | Paralysed by Grinder for 2 turns
  3130 | D:4      | Killed Grinder
  3131 | D:4      | Reached skill level 5 in Fighting
  3131 | D:4      | Reached skill level 5 in Armour
  3131 | D:4      | Reached skill level 5 in Shields
  3131 | D:4      | Reached XP level 7. HP: 47/61 MP: 1/7
  3208 | D:4      | Noticed Duvessa
  3209 | D:4      | Noticed Dowan
  3222 | D:4      | Killed Dowan
  3231 | D:4      | HP: 1/61 [Duvessa/+0 short sword (12)]
  3232 | D:4      | Gained mutation: You have supernaturally acute eyesight.
                  | (SInv) [potion of mutation]
  3232 | D:4      | Gained mutation: You possess an exceptional clarity of
                  | mind. [potion of mutation]
  3232 | D:4      | Mangled by Duvessa

Illustrated notes

Levels and vault maps discovered:
D:1:      ebering_trefoil_twist, layout_basic,
          hellmonk_ecumenical_altar_prayer_group
D:2:      layout_loops_cross, serial_shops, nicolae_shop_dealshenge
D:3:      layout_basic, gammafunk_ghost_abyssal_escape, uniq_terence,
          uniq_natasha, uniq_ijyb, uniq_robin
D:4:      layout_loops_ring, minmay_temple_entry_waves, uniq_blork_the_orc,
          uniq_grinder, uniq_eustachio, uniq_duvessa

Skill      XL: |  1  2  3  4  5  6 |
---------------+-------------------+-----
Shields        | 4 5 |  5.3
Fighting       | 4 5 |  5.3
Armour         | 4 5 |  5.3
Long Blades    | 3 4 5 |  5.8
Invocations    | 1 2 |  2.5

Action                     |  1- 3 |  4- 6 |  7- 9 || total
---------------------------+-------+-------+-------++-------
  Melee: Long sword        |    95 |   125 |    23 ||   243
         Headbutt          |    14 |    20 |     5 ||    39
 Invoke: Smiting           |       |     3 |     2 ||     5
    Use: Potion            |       |       |     1 ||     1
 Armour: Scale mail        |    33 |       |       ||    33
         Chain mail        |    60 |   119 |    33 ||   212
  Dodge: Dodged            |    57 |    36 |    14 ||   107
  Block: Buckler           |    20 |    23 |     8 ||    51

Table legend: (Time is in decaauts)
 A = Elapsed time spent in this place.
 B = Non-inter-level travel time spent in this place.
 C = Inter-level travel time spent in this place.
 D = Time resting spent in this place.
 E = Time spent auto-exploring this place.
 F = Levels seen in this place.
 G = Mean time per level.
                   A        B        C        D        E       F      G
               +--------+--------+--------+--------+--------+-----+--------+
         Total |   3285 |   3100 |    185 |      0 |   2504 |   4 |  821.2 |
       Dungeon |   3285 |   3100 |    185 |      0 |   2504 |   4 |  821.2 |
               +--------+--------+--------+--------+--------+-----+--------+

Top non-repeatable levels by time:
     D:3: 1544 daAuts
     D:1: 827 daAuts
     D:2: 765 daAuts
     D:4: 148 daAuts
